 Dungeon Crawl Stone Soup version 0.29.0-4-gdea44cf6ec (webtiles) character file.

Game seed: 17002376303736888743

47 qw the Chopper (level 3, -4/21 HPs)
             Began as a Tengu Warper on Aug 28, 2022.
             Slain by Robin
             ... wielding a +0 spear
              (6 damage)
             ... on level 2 of the Dungeon.
             The game lasted 00:00:08 (1359 turns).

qw the Chopper (Tengu Warper)                       Turns: 1359, Time: 00:00:08

Health: -4/21      AC:  3    Str: 13    XL:     3   Next: 70%
Magic:  7/7        EV: 12    Int: 13    God:
Gold:   99         SH:  0    Dex: 13    Spells: 6/6 levels left

rFire   . . .      SeeInvis .   a - +0 hand axe
rCold   . . .      Faith    .   (no shield)
rNeg    . . .      Spirit   .   b - +0 leather armour
rPois   .          Reflect  .   (helmet restricted)
rElec   .          Harm     .   e - scarf {repulsion}
rCorr   .          Rampage  .   (no gloves)
Will    .....                   (boots unavailable)
Stlth   +.........              (no amulet)
HPRegen 0.07/turn               (no ring)
MPRegen 0.10/turn               (no ring)

@: brilliant, repel missiles
A: beak, talons 3
a: no special abilities


You were on level 2 of the Dungeon.
You visited 1 branch of the dungeon, and saw 2 of its levels.

You collected 99 gold pieces.


Innate Abilities, Weirdness & Mutations

You have a beak for a mouth.
You have claws for feet.


   Skills:
 - Level 2.0 Fighting
 + Level 4.3 Axes
 - Level 1.0 Throwing
 - Level 1.1 Armour
 - Level 2.1 Dodging
 - Level 2.0 Spellcasting
 - Level 2.4 Translocations


You had 6 spell levels left.
You didn't know any spells.
Your spell library contained the following spells:

 Spells                   Type           Power      Damage    Failure   Level
 Blink                    Tloc           22%        N/A       19%         2
 Gell's Gravitas          Tloc           11%        N/A       36%         3
 Lesser Beckoning         Tloc           11%        N/A       36%         3
 Teleport Other           Tloc           11%        N/A       36%         3
 Manifold Assault         Tloc           11%        N/A       98%         5

Inventory:

Hand Weapons
 a - a +0 hand axe (weapon)
 i - a +1 mace of venom
Armour
 b - a +0 leather armour (worn)
 e - a scarf of repulsion (worn)
Potions
 d - a potion of magic {unknown}
 g - a potion of curing
 h - a potion of haste {unknown}
 j - a potion of flight {unknown}
 k - a potion of attraction {unknown}

Dungeon Overview and Level Annotations

Branches:
Dungeon (2/15)

Altars:

Annotations:
D:2 Robin


Message History

You kill the goblin!
You hit the goblin. You hit the hobgoblin. You barely miss the goblin.
The goblin barely misses you. The goblin misses you.
You hit the goblin.
You kill the goblin!
You barely miss the goblin. You barely miss the hobgoblin.
You barely miss the goblin. The goblin barely misses you.
The hobgoblin barely misses you.
The goblin unwields a +0 sling.
The goblin wields a +0 club.
The goblin barely misses you.
You hit the hobgoblin. You claw the hobgoblin.
You kill the hobgoblin!
You hit the goblin.
You kill the goblin!
You barely miss the goblin. x3
The goblin misses you. Robin closely misses you. The goblin barely misses you.
You hit the goblin but do no damage. You miss the goblin.
You closely miss the goblin. The goblin hits you but does no damage.
Robin roars a battlecry!
The goblins go into a battle-frenzy!
The goblin hits you with a +0 dagger. The goblin hits you with a +0 club.
You hit the goblin but do no damage. Your kick misses the goblin.
You peck the goblin.
The goblin is moderately wounded.
You hit the goblin. You hit the hobgoblin. You hit the goblin.
You kill the goblin!
Robin barely misses you. The goblin hits you with a +0 club.
The goblin barely misses you. The hobgoblin hits you.
You hit the hobgoblin.
You kill the hobgoblin!
You closely miss the goblin. You hit the goblin.
Robin hits you from afar with a +0 spear.
The goblin barely misses you. The goblin misses you.
You barely miss the goblin. You peck the goblin.
You kill the goblin!
You hit the goblin.
You kill the goblin!
Robin hits you from afar with a +0 spear.
You die...

..##.......+
...........#
.>.........#
...........#
...........#
#..g.....#
#...))...###
#.)@)....#
#.)......#
#........#
#....=...#
#........#
#........#
+..<.....#
#........#
#........#


You could see Robin.

Vanquished Creatures
  A ball python (D:1)
  2 endoplasms (D:1)
  2 giant cockroaches (D:1)
  11 goblins
  7 hobgoblins
  7 jackals (D:1)
  3 bats (D:1)
  3 frilled lizards (D:1)
  3 kobolds (D:1)
  A rat (D:1)
40 creatures vanquished.

Notes
Turn   | Place    | Note
-------+----------+-------------------------------------------
     0 | D:1      | qw the Tengu Warper began the quest for the Orb.
     0 | D:1      | Reached XP level 1. HP: 12/12 MP: 4/4
     0 | D:1      | 0 ||| qw: Version: 0.1-a-89-g26bdef1
     0 | D:1      | 0 ||| qw: Game counter: 3267
     0 | D:1      | 0 ||| qw: Always use a shield: true
     0 | D:1      | 0 ||| qw: God list: Okawaru
     0 | D:1      | 0 ||| qw: Allow faded altars: false
     0 | D:1      | 0 ||| qw: Do Orc after D:15 true
     0 | D:1      | 0 ||| qw: Do second Lair branch before Depths: true
     0 | D:1      | 0 ||| qw: Lair rune preference: random
     0 | D:1      | 0 ||| qw: Plans: Normal
     0 | D:1      | 0 ||| PLANNING D:1-11
   241 | D:1      | Found a faded altar of an unknown god.
   264 | D:1      | Reached skill level 3 in Axes
   264 | D:1      | Reached XP level 2. HP: 17/17 MP: 6/6
   294 | D:1      | 294 ||| DROPPING +0 club.
   345 | D:1      | 345 ||| Stepping ~*~*~tactically~*~*~ (stealth).
   378 | D:1      | 378 ||| Stepping ~*~*~tactically~*~*~ (stealth).
   495 | D:1      | 495 ||| Stepping ~*~*~tactically~*~*~ (stealth).
   569 | D:1      | 569 ||| Stepping ~*~*~tactically~*~*~ (stealth).
   570 | D:1      | 570 ||| Stepping ~*~*~tactically~*~*~ (stealth).
   578 | D:1      | Reached XP level 3. HP: 17/21 MP: 7/7
   816 | D:1      | Reached skill level 4 in Axes
  1294 | D:1      | 1294 ||| UPGRADING to scarf of repulsion.
  1299 | D:1      | 1299 ||| DRINKING 2 bubbling red potions.
  1300 | D:1      | 1300 ||| DRINKING 2 lumpy black potions.
  1301 | D:1      | 1301 ||| DROPPING scroll of blinking.
  1302 | D:1      | 1302 ||| DROPPING potion of brilliance.
  1349 | D:2      | Noticed Robin
  1357 | D:2      | HP: 5/21 [hobgoblin[Robin] (3)]
  1358 | D:2      | HP: 2/21 [Robin/+0 spear (3)]
  1359 | D:2      | Slain by Robin

Levels and vault maps discovered:
D:1:      lightli_arrival_farm, layout_basic, basic_ecumenical_altar,
          minmay_ruptured
D:2:      layout_basic, basic_altar, uniq_robin, uniq_crazy_yiuf_cottage,
          uniq_jessica

Skill      XL: |  1  2  3 |
---------------+----------+-----
Axes           | 3 4 |  4.3
Fighting       | |  2.0
Throwing       | |  1.0
Armour         | |  1.1
Dodging        | |  2.1
Spellcasting   | |  2.0
Translocations | |  2.4

Action                   || total
-------------------------++-------
Melee: Hand axe          ||    71
       Kick              ||    15
       Peck              ||     9
       Punch             ||     1
Throw: Boomerang         ||     7
  Use: Potion            ||     2
Armor: Leather armour    ||    18
Dodge: Dodged            ||    49

Table legend:
 A = Non-vault XP
 B = Vault XP
 C = Vault XP percentage of total XP
 D = Non-vault monster count
 E = Vault monster count
 F = Vault count percentage of total count
                 A         B        C        D         E       F
            +---------+---------+-------+---------+---------+-------
      Total |      47 |      25 |  34.7 |      27 |      13 |  32.5
            +---------+---------+-------+---------+---------+-------
        D:1 |      47 |       5 |   9.6 |      27 |       3 |  10.0
        D:2 |       0 |      20 | 100.0 |       0 |      10 | 100.0
            +---------+---------+-------+---------+---------+-------
